 Dungeon Crawl Stone Soup version 0.30-a0-1016-gfb0d676c02 (webtiles) character file.

Game seed: 5036613892686394620

480 qeuew the Trooper (level 7, -3/54 HPs)
             Began as a Hill Orc Fighter on Apr 6, 2023.
             Was a Follower of Nemelex Xobeh.
             Slain by an iguana (10 damage)
             ... on level 5 of the Dungeon.
             The game lasted 00:04:18 (3103 turns).

qeuew the Trooper (Hill Orc Fighter)                Turns: 3103, Time: 00:04:19

Health: -3/54      AC: 10    Str: 21    XL:     7   Next: 11%
Magic:  17/17      EV:  9    Int:  8    God:    Nemelex Xobeh [*.....]
Gold:   1053       SH: 11    Dex: 10    Spells: 6/6 levels left

rFire   + . .      SeeInvis .    a - +0 war axe
rCold   . . .      Faith    .    c - +1 buckler
rNeg    . . .      Spirit   .    e - +0 scale mail of the Land of Plenty {rElec rF+ Regen+ MP+9}
rPois   .          Reflect  +    (no helmet)
rElec   +          Rampage  .    (no cloak)
rCorr   .                        g - +2 pair of gloves
Will    +....                    i - +2 pair of boots Stlth
                                 b - amulet of reflection
HPRegen 1.09/turn                (no ring)
MPRegen 0.15/turn                (no ring)

@: no status effects
A: deformed body, frail 1, strong-willed 1, screaming 1
a: Renounce Religion, Draw Escape, Draw Destruction, Draw Summoning


You were on level 5 of the Dungeon.
You worshipped Nemelex Xobeh.
Nemelex Xobeh was aware of your devotion.
You visited 1 branch of the dungeon, and saw 5 of its levels.

You collected 1323 gold pieces.
You spent 270 gold pieces at shops.

Inventory:

Hand Weapons
 a - a +0 war axe (weapon)
Armour
 c - a +1 buckler (worn)
 e - the +0 scale mail of the Land of Plenty (worn) {rElec rF+ Regen+ MP+9}
   (You bought it in a shop on level 1 of the Dungeon)

   rF:        It protects you from fire.
   rElec:     It insulates you from electricity.
   MP:        It affects your magic capacity (+9).
   Regen:     It increases your rate of health regeneration.
 g - a +2 pair of gloves (worn)
 i - a +2 pair of boots (worn)
Jewellery
 b - an amulet of reflection (around neck)
Wands
 h - a wand of charming (10)
Scrolls
 f - 2 scrolls of teleportation
 k - a scroll of blinking
Potions
 d - 3 potions of might


   Skills:
 * Level 5.3 Fighting
 * Level 5.0 Axes
 * Level 4.9 Armour
 + Level 1.3 Dodging
 * Level 4.9 Shields
 * Level 2.1 Invocations
 + Level 0.0 Evocations


You had 6 spell levels left.
You didn't know any spells.
Your spell library contained the following spells:

 Spells                   Type           Power      Damage    Failure   Level
 Necrotise                Necr           0%         1d4       82%         1
 Gell's Gravitas          Tloc           0%         N/A       99%         3
 Ozocubu's Armour         Ice            0%         N/A       99%         3
 Teleport Other           Tloc           0%         N/A       99%         3
 Vampiric Draining        Necr           0%         2d6       99%         3
 Agony                    Necr           0%         N/A       100%        5
 Dispersal                Tloc           0%         N/A       100%        6
 Ozocubu's Refrigeration  Ice            0%         4d7       100%        7


Dungeon Overview and Level Annotations

Branches:
Dungeon (5/15)
 Temple: D:4-7

Altars:
Fedhas
Nemelex Xobeh
Ru

Shops:
D:1 [

Annotations:
D:4 2 transporters


Innate Abilities, Weirdness & Mutations

Armour fits poorly on your strangely shaped body.
You are frail. (-10% HP)
You are strong-willed. (Will+)
You occasionally shout uncontrollably at your foes.


Message History

You are too injured to fight recklessly!
You are too injured to fight recklessly!
You are too injured to fight recklessly!
You are too injured to fight recklessly!
You are too injured to fight recklessly!
You are too injured to fight recklessly!
You are too injured to fight recklessly!
You are too injured to fight recklessly!
You are too injured to fight recklessly!
You are too injured to fight recklessly!
You are too injured to fight recklessly!
Unknown command.
You barely miss Menkaure.
Menkaure is heavily damaged.
You hit the iguana. The iguana barely misses you.
Menkaure calls on the powers of darkness!
Your body is wracked with pain!
* * * LOW HITPOINT WARNING * * *
You block the iguana's attack.
You hit Menkaure but do no damage.
Menkaure is heavily damaged.
You closely miss the iguana. The iguana barely misses you. Menkaure hits you.
* * * LOW HITPOINT WARNING * * *
Unknown command.
Okay, then.
You closely miss Menkaure.
Menkaure is heavily damaged.
You hit the iguana but do no damage. The iguana bites you.
* * * LOW HITPOINT WARNING * * *
Menkaure hits you but does no damage.
You slash Menkaure!
Menkaure is almost destroyed.
You completely miss the iguana. The iguana barely misses you.
Menkaure hits you.
* * * LOW HITPOINT WARNING * * *
You slash Menkaure!
You destroy Menkaure!
You hit the iguana. The iguana bites you!
You die...
Your body disappears without a glow.

....:.. .#.#...
....... .# .......##
##.# ..>..$... ...#
.# ........###..# .#
........l.#..#..#
....#.#@#.#..#..#
.........$......#
$...#.#.#....##.#
..........#..#
....#.#.#.#..#
..........##.####.##
.....#.#..#........#
.....#.##.##.########
#.. #. #.#.........#


You could see an iguana.

Vanquished Creatures
  Menkaure (D:5)
  An ice beast (D:4)
  2 scorpions (D:4)
  A howler monkey (D:4)
  3 hounds
  An iguana (D:4)
  3 adders
  An ufetubus (D:5)
  2 worms
  2 dart slugs (D:1)
  An orc (D:3)
  4 ball pythons
  9 endoplasms
  A giant cockroach (D:3)
  6 hobgoblins
  6 jackals (D:1)
  7 kobolds
  4 quokkas
  5 bats
  3 frilled lizards
  9 goblins
  3 rats
75 creatures vanquished.

Notes
Turn   | Place    | Note
-------+----------+-------------------------------------------
     0 | D:1      | qeuew the Hill Orc Fighter began the quest for the Orb.
     0 | D:1      | Reached XP level 1. HP: 19/19 MP: 1/1
   243 | D:1      | Reached XP level 2. HP: 24/27 MP: 2/2
   272 | D:1      | Found Bossyd's Antique Armour Emporium.
   386 | D:1      | Reached XP level 3. HP: 31/33 MP: 3/3
   971 | D:1      | Identified a scroll of acquirement
   971 | D:1      | Acquired 1190 gold pieces
   973 | D:1      | Gained mutation: Armour fits poorly on your strangely
                  | shaped body. [potion of mutation]
   973 | D:1      | Gained mutation: You are clumsy. (Dex -2) [potion of
                  | mutation]
   973 | D:1      | Gained mutation: Your movements are slightly less
                  | encumbered by armour. (ER -2) [potion of mutation]
   973 | D:1      | Gained mutation: You are strong-willed. (Will+) [potion of
                  | mutation]
  1051 | D:1      | Bought a jewelled scale mail for 270 gold pieces
  1051 | D:1      | Identified the +0 scale mail of the Land of Plenty {rElec
                  | rF+ Regen+ MP+9} (You bought it in a shop on level 1 of the
                  | Dungeon)
  1479 | D:2      | Reached XP level 4. HP: 40/40 MP: 4/4
  2061 | D:3      | Lost mutation: You are clumsy. (Dex -2) [potion of
                  | mutation]
  2061 | D:3      | Lost mutation: Your movements are slightly less encumbered
                  | by armour. (ER -2) [potion of mutation]
  2061 | D:3      | Gained mutation: You are frail. (-10% HP) [potion of
                  | mutation]
  2061 | D:3      | Gained mutation: You occasionally shout uncontrollably at
                  | your foes. [potion of mutation]
  2189 | D:3      | Found a sparkling altar of Nemelex Xobeh.
  2193 | D:3      | Became a worshipper of Nemelex Xobeh the Trickster
  2390 | D:4      | Found a sacrificial altar of Ru.
  2394 | D:4      | Noticed an ice beast
  2399 | D:4      | Reached XP level 5. HP: 38/42 MP: 5/5
  2404 | D:4      | HP: 2/42 [ice beast (13)]
  2409 | D:4      | Reached skill level 1 in Invocations
  2412 | D:4      | Killed an ice beast
  2413 | D:4      | Reached skill level 5 in Fighting
  2413 | D:4      | Reached skill level 1 in Dodging
  2413 | D:4      | Reached XP level 6. HP: 30/50 MP: 7/7
  2542 | D:4      | Found a transporter.
  2572 | D:4      | Found a transporter.
  2595 | D:4      | Reached XP level 7. HP: 34/54 MP: 8/8
  2649 | D:4      | Reached skill level 5 in Axes
  2756 | D:4      | Reached * piety under Nemelex Xobeh
  2999 | D:4      | Found a blossoming altar of Fedhas.
  3050 | D:5      | Entered Level 5 of the Dungeon
  3088 | D:5      | Noticed Menkaure
  3103 | D:5      | Killed Menkaure
  3103 | D:5      | Slain by an iguana

Illustrated notes

Levels and vault maps discovered:
D:1:      dpeg_arrival_shrine, layout_basic, serial_shops, shop,
          palyth_stone_intersect, minmay_misc_feat_iff
D:2:      layout_loops_corners, bh_walls_and_bars
D:3:      layout_basic, nemelex_diamond_rough_becter
D:4:      gammafunk_wand_slinger, layout_rooms, kennysheep_mini,
          mainiacjoe_overflow_brackets, nicolae_kite_square_tiling_tiny,
          minmay_cut_off
D:5:      wad_crossroads, layout_basic, temple_fountains, serial_glass,
          glass_columns_b, glass_columns_a, uniq_menkaure

Skill      XL: |  1  2  3  4  5  6  7 |
---------------+----------------------+-----
Axes           | 3 4 5 |  5.0
Fighting       | 4 5 |  5.3
Armour         | 4 |  4.9
Shields        | 4 |  4.9
Invocations    | 1 2 |  2.1
Dodging        | 1 |  1.3

Action                     |  1- 3 |  4- 6 |  7- 9 || total
---------------------------+-------+-------+-------++-------
  Melee: War axe           |   108 |    92 |    35 ||   235
    Use: Scroll            |     3 |     4 |     1 ||     8
         Potion            |     3 |     5 |       ||     8
 Armour: Scale mail        |    71 |    37 |    17 ||   125
  Dodge: Dodged            |    52 |    38 |    16 ||   106
  Block: Buckler           |    24 |    42 |    25 ||    91
         Reflection        |       |       |     2 ||     2

Table legend: (Time is in decaauts)
 A = Elapsed time spent in this place.
 B = Non-inter-level travel time spent in this place.
 C = Inter-level travel time spent in this place.
 D = Time resting spent in this place.
 E = Time spent auto-exploring this place.
 F = Levels seen in this place.
 G = Mean time per level.
                   A        B        C        D        E       F      G
               +--------+--------+--------+--------+--------+-----+--------+
         Total |   3208 |   3052 |    156 |     34 |   2417 |   5 |  641.6 |
       Dungeon |   3208 |   3052 |    156 |     34 |   2417 |   5 |  641.6 |
               +--------+--------+--------+--------+--------+-----+--------+

Top non-repeatable levels by time:
     D:1: 1104 daAuts
     D:2: 928 daAuts
     D:4: 688 daAuts
     D:3: 429 daAuts
     D:5: 57 daAuts
